 Dungeon Crawl Stone Soup version 0.31-a0-1098-g6898e6545c (webtiles) character file.

Game seed: 4634415236778831634

39 gruber the Shooter (level 3, -7/30 HPs)
             Began as a Minotaur Hunter on Nov 30, 2023.
             Mangled by Natasha (8 damage)
             ... on level 2 of the Dungeon.
             The game lasted 00:00:41 (962 turns).

gruber the Shooter (Minotaur Hunter)                 Turns: 962, Time: 00:00:42

Health: -7/30      AC:  3    Str: 15    XL:     3   Next: 26%
Magic:  2/2        EV: 12    Int:  6    God:
Gold:   68         SH:  0    Dex: 15    Spells: 2/2 levels left

rFire   . . .        a - +0 shortbow
rCold   . . .        (shield currently unavailable)
rNeg    . . .        c - +0 leather armour
rPois   .            (helmet restricted)
rElec   .            (no cloak)
rCorr   .            (no gloves)
SInv    .            (no boots)
Will    .....        (no amulet)
Stlth   +            (no ring)
HPRegen 0.25/turn    (no ring)
MPRegen 0.08/turn

%: no passive effects
@: slowed, very slow
A: horns 2, retaliatory headbutt
a: no special abilities


You were on level 2 of the Dungeon.
You visited 1 branch of the dungeon, and saw 2 of its levels.

You collected 68 gold pieces.

Inventory:

Hand Weapons
 a - a +0 shortbow (weapon)
Armour
 c - a +0 leather armour (worn)
Scrolls
 b - a scroll of butterflies
 f - a scroll of amnesia {unknown}
 g - a scroll of teleportation {unknown}
Potions
 d - 2 potions of curing {unknown}
 e - a potion of berserk rage {unknown}


   Skills:
 - Level 2.4 Fighting
 + Level 5.7 Ranged Weapons
 - Level 2.1 Dodging
 - Level 0.7 Stealth


You had 2 spell levels left.
You didn't know any spells.
Your spell library contained the following spells:

 Spells                   Type           Power      Damage    Failure   Level
 Necrotise                Necr           0%         1d4       52%         1
 Vampiric Draining        Necr           0%         2d6       88%         3
 Agony                    Necr           0%         N/A       100%        5


Dungeon Overview and Level Annotations

Branches:
Dungeon (2/15)

Altars:

Shops:
D:2 [

Annotations:
D:2 Natasha


Innate Abilities, Weirdness & Mutations

You have a pair of horns on your head.
You reflexively headbutt those who attack you in melee.


Message History

Okay, then.
Unknown command.
Fire: a) +0 shortbow
Press: ? - help, Q - select action Shift-Dir - straight line, f - Natasha
Aim: Natasha (55% to hit)
You shoot an arrow. The arrow hits Natasha!
Natasha is heavily wounded.
Natasha wildly gestures.
You feel troubled. Natasha closely misses you.
The cerulean imp hits you with a +0 spear.
Natasha claws you.
The cerulean imp hits you with a +0 spear.
* * * LOW HITPOINT WARNING * * *
Unknown command.
You shoot an arrow. The arrow hits Natasha.
Natasha is almost dead.
Natasha closely misses you.
The cerulean imp hits you but does no damage.
Natasha casts a spell at you. You resist with significant effort.
The cerulean imp closely misses you.
Unknown command.
You shoot an arrow.
The arrow hits Natasha but does no damage.
Natasha is almost dead.
Natasha misses you. The cerulean imp barely misses you.
You furiously retaliate!
You headbutt the cerulean imp!
Unknown command.
You shoot an arrow. The arrow completely misses Natasha.
The arrow closely misses the jackal.
The arrow hits the worm.
The worm is lightly wounded.
Natasha claws you!
* * * LOW HITPOINT WARNING * * *
The cerulean imp closely misses you. You furiously retaliate!
You headbutt the cerulean imp.
You kill the cerulean imp!
The cerulean imp disappears in a puff of smoke!
Natasha claws you!
You die...
Natasha begins licking her fur clean.

. ######### .. #.......#
h.. #.......# h...
#.......# .....
####.......#########......
#....>.....'.§@hhw†.......
#.##.......#########......
#.##.......# .....
#..........######## ....
####.###..........# w..
#.# ###.†#.#.#.# .. ###
#.# #......... . ..##
#.######.#.#.#.# ...#
#..............#


You could see a worm, Natasha and a jackal.

Vanquished Creatures
  A dart slug (D:1)
  3 endoplasms (D:1)
  A giant cockroach (D:2)
  3 goblins (D:1)
  3 hobgoblins
  5 jackals
  A quokka (D:2)
  3 ball pythons (D:1)
  A bat (D:2)
  3 frilled lizards
  3 kobolds (D:1)
  6 rats
33 creatures vanquished.

Notes
Turn   | Place    | Note
-------+----------+-------------------------------------------
     0 | D:1      | gruber the Minotaur Hunter began the quest for the Orb.
     0 | D:1      | Reached XP level 1. HP: 18/18 MP: 0/0
   145 | D:1      | Reached XP level 2. HP: 25/25 MP: 1/1
   148 | D:1      | Reached skill level 5 in Ranged Weapons
   654 | D:1      | Found a faded altar of an unknown god.
   759 | D:1      | Reached XP level 3. HP: 29/30 MP: 2/2
   803 | D:2      | Found Asmoc's Armour Boutique.
   945 | D:2      | Noticed Natasha
   962 | D:2      | HP: 1/30 [Natasha (8)]
   962 | D:2      | Mangled by Natasha

Illustrated notes

Levels and vault maps discovered:
D:1:      tekkud_arrival_beachfront_property, layout_basic,
          shapermc_ecumenical_altar_notcrosses, hangedman_abyss_or_decor_stabs,
          minmay_door_square, chequers_serial_rivers_small_a,
          nicolae_twisty_statue_hallways
D:2:      layout_basic, serial_shops, nicolae_shop_tiny_glass, serial_glass,
          glass_columns_a, glass_columns_b, glass_columns_a, glass_columns_a,
          glass_columns_b, glass_columns_a, glass_columns_a, glass_columns_a,
          basic_altar, uniq_natasha, uniq_jessica

Skill      XL: |  1  2 |
---------------+-------+-----
Ranged Weapons | 5 |  5.7
Fighting       | |  2.4
Dodging        | |  2.1
Stealth        | |  0.7

Action                     || total
---------------------------++-------
   Fire: Shortbow          ||    76
 Armour: Leather armour    ||    32
  Dodge: Dodged            ||    27

Table legend: (Time is in decaauts)
 A = Elapsed time spent in this place.
 B = Non-inter-level travel time spent in this place.
 C = Inter-level travel time spent in this place.
 D = Time resting spent in this place.
 E = Time spent auto-exploring this place.
 F = Levels seen in this place.
 G = Mean time per level.
                   A        B        C        D        E       F      G
               +--------+--------+--------+--------+--------+-----+--------+
         Total |    984 |    979 |      5 |      0 |    824 |   2 |  492.0 |
       Dungeon |    984 |    979 |      5 |      0 |    824 |   2 |  492.0 |
               +--------+--------+--------+--------+--------+-----+--------+

Top non-repeatable levels by time:
     D:1: 795 daAuts
     D:2: 189 daAuts
